 Dungeon Crawl Stone Soup version 0.17-a0-1625-g47e540b (console) character file.

21672 utis the Destroyer (level 12, -4/73 HPs)
             Began as a Tengu Fighter on July 31, 2015.
             Was a Priest of Vehumet.
             Slain by a minotaur
             ... wielding the +5 dagger of Chance {elec, *Confuse rElec Dex+3}
              (13 damage)
             ... in a labyrinth on Aug 2, 2015.
             The game lasted 01:25:40 (26250 turns).

utis the Destroyer (Tengu Fighter)                 Turns: 26250, Time: 01:25:40

Health: -4/73      AC: 12    Str: 16    XL:     12   Next: 92%
Magic:  2/20       EV: 16    Int: 12    God:    Vehumet [***...]
Gold:   505        SH:  0    Dex: 12    Spells: 6 memorised, 6 levels left

rFire  + + .     SeeInvis .     a - +1 halberd
rCold  + + .     Clarity  .     r - +1 scale mail
rNeg   + + +     SustAt   .     (no shield)
rPois  +         Gourm    .     (helmet restricted)
rElec  .         Spirit   .     U - +0 cloak of the Gloaming {rPois rN+ MP-9 Slay+5} (curse)
rCorr  .         Warding  +     d - +0 pair of gloves "Nusigedy" {rF++ rN+ Dex-4}
rMut   .         Stasis   .     (boots unavailable)
MR     +....                    v - amulet of warding
Stlth  +.........               b - ring "Viugoarogg" {+Fly rC+ MR+ MP+9 Stlth+}
                                K - ring of protection from cold

@: flying quickly and evasively, quick, somewhat resistant to hostile
enchantments, very unstealthy
A: beak, talons 3, able to fly 1
a: Renounce Religion


You were in a labyrinth.
You worshipped Vehumet.
Vehumet was most pleased with you.
You were hungry.

You visited 3 branches of the dungeon, and saw 16 of its levels.
You also visited: Labyrinth.

You collected 878 gold pieces.
You spent 373 gold pieces at shops.

Inventory:

Hand weapons
 a - a +1 halberd (weapon)
Missiles
 f - 50 poisoned needles
 V - 3 throwing nets {=f}
Armour
 d - the +0 pair of gloves "Nusigedy" (worn) {rF++ rN+ Dex-4}
   (You found it on level 4 of the Lair of Beasts)

   It affects your dexterity (-4).
   It greatly protects you from fire.
   It protects you from negative energy.
 m - a +0 scale mail of cold resistance
 r - a +1 scale mail (worn)
 P - a +2 cloak of poison resistance
 U - the cursed +0 cloak of the Gloaming (worn) {rPois rN+ MP-9 Slay+5}
   (You bought it in a shop on level 7 of the Dungeon)

   It affects your accuracy and damage with ranged weapons and melee attacks
   (+5).
   It protects you from poison.
   It protects you from negative energy.
   It affects your magic capacity (-9).
   It has a curse placed upon it.
Jewellery
 b - the ring "Viugoarogg" (right hand) {+Fly rC+ MR+ MP+9 Stlth+}
   (You found it on level 10 of the Dungeon)

   [ring of flight]

   It protects you from cold.
   It affects your resistance to hostile enchantments.
   It affects your magic capacity (+9).
   It lets you fly.
   It makes you more stealthy.
 v - an amulet of warding (around neck)
 K - a ring of protection from cold (left hand)
Magical devices
 k - a wand of lightning (2)
 D - a wand of confusion (20)
 X - a wand of polymorph (17)
 Y - a wand of digging (10)
Scrolls
 o - 10 scrolls of remove curse
 q - 5 scrolls of fog
 s - 7 scrolls of teleportation {!r}
 y - a scroll of vulnerability {unknown}
 B - 3 scrolls of magic mapping
 Q - 2 scrolls of noise
Potions
 g - 2 potions of beneficial mutation {unknown}
 j - 3 potions of ambrosia
 n - 3 potions of curing
 t - 4 potions of brilliance
 u - a potion of cure mutation {!q}
 z - 3 potions of invisibility
 A - a potion of might
 J - 2 potions of flight
 M - 2 potions of agility
 O - 2 potions of lignification
 T - 2 potions of haste
 Z - a potion of resistance
Comestibles
 c - 16 royal jellies
 e - 5 bread rations
 l - 8 meat rations
 p - 4 chunks of flesh
 w - 6 fruits
 C - a beef jerky


   Skills:
 + Level 7.8 Fighting
 + Level 10.6 Polearms
 + Level 9.1 Armour
 + Level 8.5 Dodging
   Level 3.0 Shields
 - Level 5.1 Spellcasting
 - Level 10.8 Conjurations
 - Level 7.6 Fire Magic
 - Level 6.4 Air Magic
 - Level 3.4 Poison Magic


You had 6 spell levels left.
You knew the following spells:

 Your Spells              Type           Power        Failure   Level  Hunger
a - Magic Dart            Conj           ####         1%          1    None
d - Conjure Flame         Conj/Fire      ####....     1%          3    ###....
q - Sticky Flame          Conj/Fire      ####....     4%          4    ####...
r - Repel Missiles        Chrm/Air       ##....       28%         2    ##.....
v - Blink                 Tloc           N/A          87%         2    ##.....
C - Mephitic Cloud        Conj/Pois/Air  ###.....     3%          3    ###....


Dungeon Overview and Level Annotations

Branches:
Dungeon (11/15)            Temple (1/1) D:6            Lair (4/8) D:9
 Shoals (0/4) Lair:4          Orc (0/4) D:10
  Snake: Lair:3-6    Spider: Lair:3-6

Altars:
Ashenzari
Cheibriados
Dithmenos
Elyvilon
Fedhas
Gozag
Kikubaaqudgha
Makhleb
Nemelex Xobeh
Okawaru
Qazlal
Ru
Sif Muna
Trog
Vehumet
Xom
Yredelemnul
Zin
The Shining One

Shops:
D:5 ?   D:7 [


Innate Abilities, Weirdness & Mutations

You have a beak for a mouth.
You have claws for feet.
You can fly.


Message History

* * * LOW HITPOINT WARNING * * *
The minotaur barely misses you.
The minotaur burns!
The minotaur stops burning.
Casting: Mephitic Cloud
Confirm with . or Enter, or press ? or * to list all spells.
Aiming: Mephitic Cloud
Press: ? - help, Shift-Dir - straight line, f/p - minotaur
Aim: a minotaur, wielding a pitted dagger {elec} (severely wounded)
The ball explodes into a vile cloud!
The stinking cloud engulfs the minotaur.
The minotaur is severely wounded.
* * * LOW MAGIC WARNING * * *
You are feeling hungry.
The minotaur is engulfed in noxious fumes.
The minotaur appears confused.
Casting: Mephitic Cloud
Confirm with . or Enter, or press ? or * to list all spells.
You don't have enough magic to cast that spell.
The minotaur closely misses you. The minotaur gores you!
You die...

▓ ▓▓ ▓▓▓ ....
.. ▓.▓ ▓▓▓▓ .▓
▓. ..... . ▓.▓
.▓.▓ ▓▓. ▓ .
..▓.▓ .▓..
▓▓▓▓ ▓Q▓ ▓. ..
. .. ▓.▓H▓▓▓.
. ▓
▓.▓.▓...▓.▓..
. ...▓.▓§▓ . ▓
▓.▓▓▓▓▓§▓.▓..▓
▓......§§.▓..▓
▓
▓▓▓▓▓▓▓▓▓.▓...
. . . ....▓▓
... . ......


You could see a minotaur (confused).

Vanquished Creatures
  2 hydras
  Nergalle (D:9)
  3 black mambas
  6 spiny frogs
  5 komodo dragons
  A fire drake (Lair:3)
  A queen bee (Lair:3)
  8 blink frogs
  A deep elf mage (D:6)
  2 wyverns (D:8)
  2 hippogriffs
  A steam dragon (D:10)
  Eustachio (D:4)
  13 yaks
  4 wolves (Lair:1)
  Menkaure (D:6)
  7 water moccasins
  Edmund (D:4)
  12 porcupines
  2 ice beasts
  2 wargs (D:10)
  3 sky beasts
  3 orc warriors
  2 spiders (D:8)
  3 wasps
  2 black bears
  A necrophage (D:10)
  7 centaurs
  3 ogres
  A phantom (D:7)
  6 crocodiles
  Blork the orc (D:4)
  A gnoll sergeant (D:7)
  A big kobold (D:9)
  13 giant frogs
  A wyvern zombie (D:6)
  3 scorpions
  15 killer bees
  4 wights (D:7)
  3 jellies
  3 electric eels (D:10)
  17 orc wizards
  A quasit (D:10)
  2 giant frog zombies
  11 orc priests
  4 hounds
  Crazy Yiuf (D:4)
  Ijyb (D:3)
  5 crimson imps
  2 giant frog skeletons
  Jessica (D:3)
  4 iguanas
  5 worker ants
  32 sheep
  2 hound skeletons (D:7)
  Robin (D:3)
  6 gnolls (D:7)
  13 adders
  35 river rats
  A shadow imp (D:9)
  4 oozes
  2 adder skeletons
  2 adder zombies (D:9)
  2 worms
  38 orcs
  A ball python (D:6)
  7 bats
  13 hobgoblins
  19 jackals
  2 quokkas
  2 giant cockroaches
  8 giant geckos
  2 giant gecko skeletons
  8 giant newts
  16 goblins
  A jackal zombie (D:5)
  13 kobolds
  A quokka zombie (D:8)
  9 rats
446 creatures vanquished.

Vanquished Creatures (others)
  5 fungi
  2 plants (Lair:1)
7 creatures vanquished.

Grand Total: 453 creatures vanquished

Notes
Turn   | Place    | Note
--------------------------------------------------------------
     0 | D:1      | utis the Tengu Fighter began the quest for the Orb.
     0 | D:1      | Reached XP level 1. HP: 14/14 MP: 2/2
    14 | D:1      | Upgraded the game from 0.17-a0-1596-g1e86911 to 0.17-a0-1625-g47e540b
   199 | D:1      | Reached XP level 2. HP: 19/19 MP: 3/3
   745 | D:1      | Reached XP level 3. HP: 23/23 MP: 4/4
  1116 | D:2      | Reached skill level 4 in Polearms
  1233 | D:2      | Found a faded altar to an unknown god.
  1583 | D:2      | Reached XP level 4. HP: 28/28 MP: 5/5
  1792 | D:3      | Reached skill level 5 in Polearms
  1953 | D:3      | Noticed Robin
  1961 | D:3      | Killed Robin
  1967 | D:3      | Reached skill level 1 in Dodging
  1973 | D:3      | Gained mutation: You can fly. [Tengu growth]
  1973 | D:3      | Reached XP level 5. HP: 28/32 MP: 6/6
  2004 | D:3      | Noticed Jessica
  2009 | D:3      | Killed Jessica
  2445 | D:3      | Noticed Ijyb
  2471 | D:3      | Killed Ijyb
  2506 | D:3      | Reached XP level 6. HP: 34/37 MP: 3/7
  3611 | D:4      | Noticed Eustachio
  3626 | D:4      | Killed Eustachio
  3626 | D:4      | Reached skill level 5 in Armour
  3626 | D:4      | Reached XP level 7. HP: 41/41 MP: 5/8
  3697 | D:4      | Noticed Blork the orc
  3716 | D:4      | Killed Blork the orc
  4062 | D:4      | Noticed Edmund
  5219 | D:5      | Entered Level 5 of the Dungeon
  5484 | D:5      | Got a colourful robe
  5594 | D:5      | Found a bloodstained altar of Trog.
  5827 | D:5      | Found a white marble altar of Elyvilon.
  5913 | D:5      | Reached skill level 6 in Polearms
  5952 | D:5      | Reached XP level 8. HP: 18/48 MP: 9/9
  6191 | D:5      | Identified the cursed +1 robe of Crawling {rCorr} (You found it on level 5 of the Dungeon)
  6320 | D:4      | Killed Edmund
  6320 | D:4      | Reached skill level 5 in Dodging
  6654 | D:4      | Noticed Crazy Yiuf
  6672 | D:4      | Killed Crazy Yiuf
  6808 | D:5      | Found Tuenonig's Magic Scroll Shoppe.
  6811 | D:5      | Bought a scroll of teleportation for 39 gold pieces
  6811 | D:5      | Bought a scroll of identify for 26 gold pieces
  6811 | D:5      | Bought a scroll of identify for 26 gold pieces
  6811 | D:5      | Bought a scroll of magic mapping for 45 gold pieces
  7124 | D:5      | Reached skill level 7 in Polearms
  7223 | D:5      | Learned a level 3 spell: Conjure Flame
  7385 | D:5      | Reached skill level 1 in Conjurations
  7385 | D:5      | Reached skill level 1 in Fire Magic
  7430 | D:6      | Found a snail-covered altar of Cheibriados.
  7481 | D:6      | Reached skill level 1 in Spellcasting
  7727 | D:6      | Noticed Menkaure
  7731 | D:6      | Killed Menkaure
  7910 | D:6      | Learned a level 3 spell: Mephitic Cloud
  8235 | D:6      | Reached XP level 9. HP: 48/52 MP: 12/12
  8278 | D:6      | Reached skill level 1 in Air Magic
  8617 | D:6      | Reached skill level 1 in Poison Magic
  8888 | D:6      | Found a staircase to the Ecumenical Temple.
  8900 | Temple   | Entered the Ecumenical Temple
  9330 | D:7      | Reached skill level 5 in Conjurations
 10611 | D:7      | Reached skill level 5 in Air Magic
 11029 | D:7      | Found Gokixte's Antique Armour Shoppe.
 11036 | D:7      | Bought an encrusted cloak for 237 gold pieces
 11090 | D:7      | Identified the cursed +0 cloak of the Gloaming {rPois rN+ MP-9 Slay+5} (You bought it in a shop on level 7 of the Dungeon)
 11090 | D:7      | fuck
 11187 | D:7      | Found an iron altar of Okawaru.
 11222 | D:7      | Found a basalt altar of Yredelemnul.
 12124 | D:7      | Reached XP level 10. HP: 58/58 MP: 3/16
 12236 | D:7      | Learned a level 4 spell: Sticky Flame
 12239 | D:7      | Learned a level 2 spell: Repel Missiles
 13691 | D:8      | Reached skill level 8 in Polearms
 13696 | D:8      | Reached skill level 5 in Fighting
 14403 | D:9      | Found a staircase to the Lair.
 14836 | D:9      | Found a deep blue altar of Sif Muna.
 14837 | D:9      | Found a white marble altar of Elyvilon.
 14843 | D:9      | Found a sacrificial altar of Ru.
 14844 | D:9      | Found a glowing golden altar of the Shining One.
 14845 | D:9      | Found a radiant altar of Vehumet.
 14852 | D:9      | Became a worshipper of Vehumet
 14892 | D:10     | Entered Level 10 of the Dungeon
 15097 | D:10     | Got a brightly glowing lead ring
 15099 | D:10     | Identified the ring "Viugoarogg" {+Fly rC+ MR+ MP+9 Stlth+} (You found it on level 10 of the Dungeon)
 15494 | D:10     | Noticed Nergalle
 15758 | D:9      | Killed Nergalle
 15758 | D:9      | Reached skill level 9 in Polearms
 16360 | D:10     | Reached XP level 11. HP: 64/64 MP: 17/17
 16605 | D:10     | Found a staircase to the Orcish Mines.
 16915 | D:11     | Found a deep blue altar of Sif Muna.
 17063 | Lair:1   | Entered Level 1 of the Lair of Beasts
 17111 | Lair:1   | Reached skill level 5 in Fire Magic
 17385 | Lair:1   | Acquired Vehumet's first power
 17385 | Lair:1   | Offered knowledge of Sandblast by Vehumet.
 19614 | Lair:1   | Reached skill level 10 in Conjurations
 20344 | Lair:2   | Reached skill level 5 in Spellcasting
 20973 | Lair:1   | Reached XP level 12. HP: 62/69 MP: 16/20
 21058 | Lair:2   | Offered knowledge of Shock by Vehumet.
 21071 | Lair:2   | Learned a level 2 spell: Blink
 22061 | Lair:2   | HP: 3/71 [yak (13)]
 22243 | Lair:1   | Noticed a five-headed hydra
 22347 | Lair:2   | Learned a level 1 spell: Magic Dart
 22657 | Lair:1   | Offered knowledge of Throw Frost by Vehumet.
 22842 | Lair:1   | Killed a five-headed hydra
 23396 | Lair:3   | Noticed a six-headed hydra
 23440 | Lair:2   | Killed a six-headed hydra
 24327 | Lair:3   | Reached skill level 10 in Polearms
 24687 | Lair:3   | Acquired Vehumet's second power
 25720 | Lair:3   | Offered knowledge of Throw Icicle by Vehumet.
 25907 | Lair:4   | Got a pair of brightly glowing gloves
 25913 | Lair:4   | Identified the +0 pair of gloves "Nusigedy" {rF++ rN+ Dex-4} (You found it on level 4 of the Lair of Beasts)
 25982 | Lair:4   | Found a staircase to the Shoals.
 26120 | Lair:4   | Found a labyrinth entrance.
 26137 | Lab      | Entered a labyrinth
 26202 | Lab      | Noticed a minotaur
 26250 | Lab      | Identified the +5 dagger of Chance {elec, *Confuse rElec Dex+3}
 26250 | Lab      | Slain by a minotaur

Vault maps used:
D:1:      elethiomel_arrival_quiet, hex_intersection
D:2:      ecumenical_altar_2
D:3:      first_bread, uniq_jessica, uniq_robin, uniq_iyjb
D:4:      hangedman_abyss_or_decor_stabs, uniq_eustachio, uniq_blork_the_orc,
          uniq_crazy_yiuf_cottage, uniq_edmund
D:5:      kennysheep_mini_moat, basic_altar, serial_shops, kennysheep_mini
D:6:      cheibriados_altar_1, temple_hall, hex_large, uniq_menkaure
D:7:      serial_shops, nicolae_shop_overgrown_old_shop, basic_altar,
          okawaru_ov_weapons_minmay
D:8:      hangedman_pestilent_swarm, minivault_23
D:9:      minitemple, lair_0_dummy
D:10:     minmay_orc_entry_guard_dogs, uniq_nergalle
D:11:     basic_altar, minmay_misc_feat_columns, nicolae_gozag_seed_capital
Temple:   circular_temple_12
Lair:3:   special_room, bh_autumn_forest_stairs, lemuel_fruit_tree,
          grunt_megastairs_2
Lair:4:   minmay_shoals_entry_centaurs, spider_nest_entry_funnel_web,
          lab_entry_generic, minivault_19, minivault_27
Lab:      labyrinth_mini_lab, nicolae_lab_do_over, labyrinth_skeletal_remains,
          nicolae_lab_quarters

Action                   |  1- 3 |  4- 6 |  7- 9 | 10-12 || total
-------------------------+-------+-------+-------+-------++-------
Melee: Trident           |   102 |   190 |   639 |     1 ||   932
       Unarmed           |       |       |     3 |       ||     3
       Halberd           |       |       |       |   670 ||   670
Throw: Stone             |    40 |    65 |    98 |     4 ||   207
       Tomahawk          |       |       |     7 |   126 ||   133
       Javelin           |       |       |       |    14 ||    14
 Cast: Mephitic Cloud    |       |       |     1 |    29 ||    30
       Conjure Flame     |       |       |       |    14 ||    14
       Repel Missiles    |       |       |       |     3 ||     3
       Sticky Flame      |       |       |       |    43 ||    43
       Magic Dart        |       |       |       |    18 ||    18
       Blink             |       |       |       |     1 ||     1
 Abil: Fly               |       |     8 |    42 |    71 ||   121
  Use: Scroll            |     3 |     2 |    11 |    13 ||    29
       Potion            |       |     1 |     6 |     1 ||     8
 Stab: Distracted        |       |       |     2 |     1 ||     3
       Confused          |       |       |       |    16 ||    16
       Sleeping          |       |       |       |     2 ||     2
  Eat: Chunk             |     2 |     8 |    23 |    48 ||    81
       Fruit             |       |       |     7 |     5 ||    12
       Beef jerky        |       |       |     1 |     4 ||     5
       Pizza             |       |       |     2 |       ||     2
       Bread ration      |       |       |       |     1 ||     1
       Meat ration       |       |       |       |     1 ||     1
       Royal jelly       |       |       |       |     1 ||     1
